PCL
OMAHA STORM CHASERS @ NEW ORLEANS ZEPHYRS
05/27/2099
 
TOP OF THE 1ST
Omaha Storm Chasers batting - Pitching for New Orleans Zephyrs : LHP Ben Lyon
Pitching: LHP Ben Lyon
Batting: SHB Bobby Noriega 0-0: Called Strike
0-1: Called Strike
0-2: Foul Ball, location: 2F
0-2: Foul Ball, location: 9LDF
0-2: Fly out, F4 (Popup, 34, EV 61.9 MPH)
Batting: RHB Kyle Mellecker 0-0: Ball
1-0: Called Strike
1-1: Ball
2-1: Swinging Strike
2-2: Strikes out swinging
Batting: RHB Travis Bernsen 0-0: Swinging Strike
0-1: Ball
1-1: Foul Ball, location: 23F
1-2: Strikes out swinging
Top of the 1st over - 0 runs, 0 hits, 0 errors, 0 left on base; Omaha 0 - New Orleans 0
BOTTOM OF THE 1ST
New Orleans Zephyrs batting - Pitching for Omaha Storm Chasers : LHP Pete Bettencourt
Pitching: LHP Pete Bettencourt
Batting: RHB Bob Armas 0-0: Called Strike
0-1: Ball
1-1: Foul Ball, location: 2F
1-2: Foul Ball, location: 2F
1-2: Fly out, F9 (Flyball, 9S, EV 86.9 MPH)
Batting: SHB Melvin Amezcua 0-0: Ball
1-0: Ball
2-0: Called Strike
2-1: Fly out, F7 (Flyball, 7, EV 88.1 MPH)
Batting: RHB James Austill 0-0: Ball
1-0: Ball
2-0: Foul Ball, location: 7LSF
2-1: Swinging Strike
2-2: Fly out, F7 (Flyball, 7S, EV 93.1 MPH)
Bottom of the 1st over - 0 runs, 0 hits, 0 errors, 0 left on base; Omaha 0 - New Orleans 0
TOP OF THE 2ND
Omaha Storm Chasers batting - Pitching for New Orleans Zephyrs : LHP Ben Lyon
Batting: RHB Maurice Groen 0-0: Swinging Strike
0-1: Ball
1-1: Called Strike
1-2: Ball
2-2: Ball
3-2: Foul Ball, location: 3FF
3-2: Fly out, F9 (Flyball, 9LM, EV 101.9 MPH)
Batting: RHB Gabe Pike 0-0: Ball
1-0: Ground out 4-3 (Groundball, 4, EV 91.3 MPH)
Batting: RHB Eric Young 0-0: Ball
1-0: Ball
2-0: Foul Ball, location: 9LDF
2-1: Ball
3-1: Foul Ball, location: 2F
3-2: Strikes out swinging
Top of the 2nd over - 0 runs, 0 hits, 0 errors, 0 left on base; Omaha 0 - New Orleans 0
BOTTOM OF THE 2ND
New Orleans Zephyrs batting - Pitching for Omaha Storm Chasers : LHP Pete Bettencourt
Batting: SHB Akira Nagata 0-0: Ball
1-0: Foul Ball, location: 7LDF
1-1: Swinging Strike
1-2: Strikes out looking
Batting: LHB Rick Alvarez 0-0: Ball
1-0: Swinging Strike
1-1: Foul Ball, location: 9LMF
1-2: Ball
2-2: Hit by Pitch
Batting: LHB Antonio Aviles 0-0: Ball
1-0: Ball
2-0: Ball
3-0: Base on Balls
Rick Alvarez to second
Batting: RHB Alberto Arias 0-0: Ball
1-0: Foul Ball, location: 2F
1-1: Foul Ball, location: 9LMF
1-2: Ball
2-2: Foul Ball, location: 5DF
2-2: Foul Ball, location: 2F
2-2: Foul Ball, location: 3FF
2-2: Ball
3-2: Foul Ball, location: 5F
3-2: TRIPLE (Flyball, 9D, EV 111.9 MPH)
Rick Alvarez scores
Antonio Aviles scores
Batting: LHB Joe Bell 0-0: SINGLE (Line Drive, 8LS, EV 92.5 MPH)
Alberto Arias scores
Batting: LHB Malikai Dare 0-0: Foul Ball, location: 2F
0-1: Ball
1-1: Swinging Strike
1-2: Ball
2-2: Foul Ball, location: 2F
2-2: Ball
3-2: Strikes out swinging
Joe Bell is caught stealing 2nd base 2-6
Batter strikes out.
Bottom of the 2nd over - 3 runs, 2 hits, 0 errors, 0 left on base; Omaha 0 - New Orleans 3
TOP OF THE 3RD
Omaha Storm Chasers batting - Pitching for New Orleans Zephyrs : LHP Ben Lyon
Batting: RHB Dan Redmond 0-0: Called Strike
0-1: Ball
1-1: Foul Ball, location: 9LMF
1-2: Fly out, F9 (Line Drive, 89D, EV 94.4 MPH)
Batting: RHB Mike Cassidy 0-0: Ball
1-0: Ball
2-0: Ball
3-0: Called Strike
3-1: SINGLE (Line Drive, 5D, EV 97.5 MPH)
Batting: RHB Tom Turnage 0-0: Called Strike
0-1: Ball
1-1: Called Strike
1-2: Fielders Choice at 2nd, 4-6 (Groundball, 4, EV 88.8 MPH)
Batting: SHB Bobby Noriega 0-0: Called Strike
0-1: Foul Ball, location: 25F
0-2: Ball
1-2: Fielders Choice at 2nd, 6-4 (Groundball, 56, EV 108.8 MPH)
Top of the 3rd over - 0 runs, 1 hit, 0 errors, 1 left on base; Omaha 0 - New Orleans 3
BOTTOM OF THE 3RD
New Orleans Zephyrs batting - Pitching for Omaha Storm Chasers : LHP Pete Bettencourt
Batting: RHB Bob Armas 0-0: Foul Ball, location: 2F
0-1: Foul Ball, location: 2F
0-2: Strikes out swinging
Batting: SHB Melvin Amezcua 0-0: Swinging Strike
0-1: Ball
1-1: Called Strike
1-2: Foul Ball, location: 2F
1-2: Foul Ball, location: 23FF
1-2: Strikes out looking
Batting: RHB James Austill 0-0: Ball
1-0: Foul Ball, location: 3F
1-1: Foul Ball, location: 3DF
1-2: Foul Ball, location: 2F
1-2: Foul Ball, location: 2F
1-2: Ball
2-2: Fly out, F8 (Flyball, 8LD, EV 94.4 MPH)
Bottom of the 3rd over - 0 runs, 0 hits, 0 errors, 0 left on base; Omaha 0 - New Orleans 3
TOP OF THE 4TH
Omaha Storm Chasers batting - Pitching for New Orleans Zephyrs : LHP Ben Lyon
Batting: RHB Kyle Mellecker 0-0: Ball
1-0: Called Strike
1-1: Foul Ball, location: 2F
1-2: Foul Ball, location: 5F
1-2: Ball
2-2: DOUBLE (Groundball, 5L, EV 98.1 MPH)
Batting: RHB Travis Bernsen 0-0: Called Strike
0-1: Swinging Strike
0-2: Ball
1-2: Ball
2-2: Ball
3-2: Foul Ball, location: 7LMFF
3-2: Strikes out swinging
Batting: RHB Maurice Groen 0-0: Called Strike
0-1: Swinging Strike
0-2: Ball
1-2: Foul Ball, location: 9LDF
1-2: Ball
2-2: Ground out 6-3 (Groundball, 6, EV 110.6 MPH)
Batting: RHB Gabe Pike 0-0: Called Strike
0-1: Foul Ball, location: 2F
0-2: Ball
1-2: Foul Ball, location: 2F
1-2: Ball
2-2: Strikes out swinging
Top of the 4th over - 0 runs, 1 hit, 0 errors, 1 left on base; Omaha 0 - New Orleans 3
BOTTOM OF THE 4TH
New Orleans Zephyrs batting - Pitching for Omaha Storm Chasers : LHP Pete Bettencourt
Batting: SHB Akira Nagata 0-0: Called Strike
0-1: Ball
1-1: Foul Ball, location: 2F
1-2: Fly out, F6 (Popup, 6D, EV 51.3 MPH)
Batting: LHB Rick Alvarez 0-0: Ball
1-0: Foul Ball, location: 2F
1-1: Swinging Strike
1-2: Ball
2-2: Ball
3-2: Base on Balls
Batting: LHB Antonio Aviles 0-0: Called Strike
0-1: DOUBLE (Groundball, 3L, EV 94.4 MPH)
Rick Alvarez to third
Runner from 3rd tries for Home, SAFE, throw by RF to trailing runner, SAFE at third!
Batting: RHB Alberto Arias 0-0: Foul Ball, location: 23F
0-1: Foul Ball, location: 7LMFF
0-2: Fielders Choice at home, 6-2 (Groundball, 4MS, EV 71.9 MPH)
Batting: LHB Joe Bell 0-0: Called Strike
0-1: Fly out, F7 (Flyball, 7S, EV 84.4 MPH)
Bottom of the 4th over - 1 run, 1 hit, 0 errors, 1 left on base; Omaha 0 - New Orleans 4
TOP OF THE 5TH
Omaha Storm Chasers batting - Pitching for New Orleans Zephyrs : LHP Ben Lyon
Batting: RHB Eric Young 0-0: Ball
1-0: Called Strike
1-1: Ball
2-1: Ground out 6-3 (Groundball, 6S, EV 63.1 MPH)
Batting: RHB Dan Redmond 0-0: Called Strike
0-1: Ball
1-1: Swinging Strike
1-2: Ball
2-2: Strikes out swinging
Batting: RHB Mike Cassidy 0-0: Ball
1-0: Foul Ball, location: 2F
1-1: Ground out 6-3 (Groundball, 6, EV 85.0 MPH)
Top of the 5th over - 0 runs, 0 hits, 0 errors, 0 left on base; Omaha 0 - New Orleans 4
BOTTOM OF THE 5TH
New Orleans Zephyrs batting - Pitching for Omaha Storm Chasers : LHP Pete Bettencourt
Batting: LHB Malikai Dare 0-0: Ball
1-0: Ball
2-0: Foul Ball, location: 3FF
2-1: Called Strike
2-2: Ball
3-2: Base on Balls
Batting: RHB Bob Armas 0-0: Called Strike
0-1: Ball
1-1: Ball
2-1: Foul Ball, location: 2F
2-2: Strikes out swinging
Batting: SHB Melvin Amezcua 0-0: Called Strike
0-1: Swinging Strike
0-2: Foul Ball, location: 3F
0-2: Ball
1-2: Fly out, F9 (Flyball, 9LM, EV 88.8 MPH)
Batting: RHB James Austill 0-0: Fly out, F7 (Line Drive, 7, EV 98.1 MPH)
Bottom of the 5th over - 0 runs, 0 hits, 0 errors, 1 left on base; Omaha 0 - New Orleans 4
TOP OF THE 6TH
Omaha Storm Chasers batting - Pitching for New Orleans Zephyrs : LHP Ben Lyon
Batting: RHB Tom Turnage 0-0: Called Strike
0-1: Foul Ball, location: 2F
0-2: Strikes out swinging
Batting: SHB Bobby Noriega 0-0: Ball
1-0: Ball
2-0: Ball
3-0: Called Strike
3-1: Base on Balls
Batting: RHB Kyle Mellecker 0-0: Foul Ball, location: 5DF
0-1: Swinging Strike
0-2: Ball
1-2: Fly out, F9 (Line Drive, 89M, EV 88.1 MPH)
Batting: RHB Travis Bernsen 0-0: Called Strike
0-1: Ball
1-1: Swinging Strike
1-2: Foul Ball, location: 7LDF
1-2: Foul Ball, location: 7LSFF
1-2: Ball
2-2: Foul Ball, location: 5F
2-2: Ball
3-2: Foul Ball, location: 7LSF
3-2: Strikes out swinging
Top of the 6th over - 0 runs, 0 hits, 0 errors, 1 left on base; Omaha 0 - New Orleans 4
BOTTOM OF THE 6TH
New Orleans Zephyrs batting - Pitching for Omaha Storm Chasers : LHP Pete Bettencourt
Batting: SHB Akira Nagata 0-0: Ground out 6-3 (Groundball, 6, EV 84.4 MPH)
Batting: LHB Rick Alvarez 0-0: Called Strike
0-1: Swinging Strike
0-2: Ball
1-2: Strikes out swinging
Batting: LHB Antonio Aviles 0-0: Called Strike
0-1: Ball
1-1: Foul Ball, location: 5SF
1-2: Fly out, F8 (Flyball, 78M, EV 96.3 MPH)
Bottom of the 6th over - 0 runs, 0 hits, 0 errors, 0 left on base; Omaha 0 - New Orleans 4
TOP OF THE 7TH
Omaha Storm Chasers batting - Pitching for New Orleans Zephyrs : LHP Ben Lyon
Batting: RHB Maurice Groen 0-0: Ball
1-0: Ball
2-0: SINGLE (Line Drive, 34D, EV 94.4 MPH)
Batting: RHB Gabe Pike 0-0: Called Strike
0-1: Ball
1-1: Ball
2-1: Ball
3-1: Base on Balls
Maurice Groen to second
Batting: RHB Eric Young 0-0: Foul Ball, location: 3F
0-1: Fly out, F2 (Popup, 5SF, EV 84.4 MPH)
Batting: RHB Dan Redmond 0-0: Ball
1-0: Foul Ball, location: 23F
1-1: Ball
2-1: Fly out, F7 (Flyball, 7, EV 93.8 MPH)
Pitching: RHP Eddie Angeles
Batting: RHB Mike Cassidy 0-0: Swinging Strike
0-1: Ball
1-1: Ball
2-1: Ball
3-1: SINGLE (Groundball, 34D, EV 106.3 MPH)
Maurice Groen to third
Gabe Pike to second
Runner from 3rd tries for Home, SAFE, throw by RF to home
Batting: RHB Tom Turnage 0-0: Ball
1-0: Fly out, F7 (Flyball, 78D, EV 104.4 MPH)
Top of the 7th over - 1 run, 2 hits, 0 errors, 2 left on base; Omaha 1 - New Orleans 4
BOTTOM OF THE 7TH
New Orleans Zephyrs batting - Pitching for Omaha Storm Chasers : LHP Pete Bettencourt
Batting: RHB Alberto Arias 0-0: Foul Ball, location: 23F
0-1: Foul Ball, location: 2LF
0-2: Ball
1-2: Foul Ball, location: 9LMF
1-2: Ball
2-2: Ground out 5-3 (Groundball, 56S, EV 73.1 MPH)
Batting: LHB Joe Bell 0-0: Ball
1-0: Swinging Strike
1-1: Ball
2-1: Ground out U3 (Groundball, 34, EV 109.4 MPH)
Batting: LHB Malikai Dare 0-0: Called Strike
0-1: Ball
1-1: Ball
2-1: Fly out, F8 (Flyball, 78M, EV 97.5 MPH)
Bottom of the 7th over - 0 runs, 0 hits, 0 errors, 0 left on base; Omaha 1 - New Orleans 4
TOP OF THE 8TH
Omaha Storm Chasers batting - Pitching for New Orleans Zephyrs : RHP Eddie Angeles
Now at 1B: Akira Nagata
Now at SS: Raul Gallegos
Batting: SHB Bobby Noriega 0-0: Ball
1-0: SINGLE (Groundball, 5D, EV 98.8 MPH)
Batting: RHB Kyle Mellecker 0-0: Called Strike
0-1: Foul Ball, location: 2F
0-2: Strikes out looking
Batting: RHB Travis Bernsen 0-0: Ball
1-0: Ball
2-0: Foul Ball, location: 2LF
2-1: Foul Ball, location: 5F
2-2: Foul Ball, location: 2RF
2-2: Grounds into double play, 5-4-3 (Groundball, 5, EV 100.6 MPH)
Top of the 8th over - 0 runs, 1 hit, 0 errors, 0 left on base; Omaha 1 - New Orleans 4
BOTTOM OF THE 8TH
New Orleans Zephyrs batting - Pitching for Omaha Storm Chasers : LHP Pete Bettencourt
Batting: RHB Bob Armas 0-0: Ball
1-0: Called Strike
1-1: SINGLE (Line Drive, 8LS, EV 104.4 MPH)
Batting: SHB Melvin Amezcua 0-0: Called Strike
Bob Armas steals 2nd base
0-1: Foul Ball, location: 23FF
0-2: Foul Ball, location: 7LDF
0-2: Ball
1-2: Foul Ball, location: 3F
1-2: Foul Ball, location: 2F
1-2: 2-RUN HOME RUN (Flyball, 7D, EV 105.0 MPH), Distance : 406 ft
Pitching: RHP Ryan Porterfield
Batting: RHB James Austill 0-0: Ball
1-0: Fly out, F8 (Flyball, 8RS, EV 90.6 MPH)
Batting: SHB Akira Nagata 0-0: Called Strike
0-1: Called Strike
0-2: Strikes out swinging, 2-3 out at first.
Batting: LHB Rick Alvarez 0-0: Called Strike
0-1: Ball
1-1: Foul Ball, location: 7LMF
1-2: Fly out, F5 (Popup, 56S, EV 66.9 MPH)
Bottom of the 8th over - 2 runs, 2 hits, 0 errors, 0 left on base; Omaha 1 - New Orleans 6
TOP OF THE 9TH
Omaha Storm Chasers batting - Pitching for New Orleans Zephyrs : RHP Eddie Angeles
Batting: RHB Maurice Groen 0-0: Called Strike
0-1: Ball
1-1: Ball
2-1: Ground out 4-3 (Groundball, 4MD, EV 104.4 MPH)
Batting: RHB Gabe Pike 0-0: Ground out 6-3 (Groundball, 6, EV 89.4 MPH)
Batting: RHB Eric Young 0-0: Foul Ball, location: 3FF
0-1: Foul Ball, location: 2F
0-2: Ball
1-2: Ball
2-2: Foul Ball, location: 5FF
2-2: Strikes out swinging
Top of the 9th over - 0 runs, 0 hits, 0 errors, 0 left on base; Omaha 1 - New Orleans 6
Tuesday, May 7th , 2024 - OOTP Baseball 24.11 Build 85